 Dungeon Crawl Stone Soup version 0.21-a0-437-ge5bf024 (webtiles) character file.

63 roguesci the Charmwright (level 3, 0/30 HPs)
             Began as a Draconian Skald on Nov 9, 2017.
             Succumbed to an adder's poison
             ... on level 2 of the Dungeon.
             The game lasted 00:05:46 (1701 turns).

roguesci the Charmwright (Draconian Skald)          Turns: 1701, Time: 00:05:47

Health: 0/30       AC:  5    Str: 13    XL:     3   Next: 87%
Magic:  5/6        EV: 12    Int: 14    God:
Gold:   79         SH:  0    Dex: 10    Spells: 4/7 levels left

rFire    . . .     SeeInvis .   p - -2 morningstar (curse)
rCold    . . .     Gourm    .   (no shield)
rNeg     . . .     Faith    .   (armour unavailable)
rPois    .         Spirit   .   (helmet restricted)
rElec    .         Reflect  .   (no cloak)
rCorr    .         Harm     .   (no gloves)
MR       .....                  (no boots)
Stlth    +.........             (no amulet)
HPRegen  0.10/turn              (no ring)
MPRegen  0.10/turn              (no ring)

@: lethally poisoned (0 -> -7), very slightly contaminated
A: unfitting armour, cold-blooded, AC +5
a: no special abilities


You were on level 2 of the Dungeon.
You were not hungry.

You visited 1 branch of the dungeon, and saw 2 of its levels.

You collected 79 gold pieces.

Inventory:

Hand Weapons
 a - a +0 mace
 p - a cursed -2 morningstar (weapon)
Missiles
 d - 90 stones (quivered)
 i - 2 throwing nets
Scrolls
 e - a scroll of enchant armour
 g - a scroll of magic mapping
 k - a scroll of identify
Potions
 f - 2 potions of flight
 j - a potion of invisibility
Books
 b - a book of Battle

   Spells                             Type                      Level
   a - Infusion                       Charms                       1
   b - Shroud of Golubria             Charms/Translocation         2
   c - Song of Slaying                Charms                       2
   d - Spectral Weapon                Hexes/Charms                 3
   e - Regeneration                   Charms/Necromancy            3
Comestibles
 c - 3 bread rations
 h - 6 chunks of flesh
 r - a meat ration


   Skills:
 * Level 2.7 Fighting
 + Level 2.3 Maces & Flails
 * Level 2.5 Dodging
 + Level 0.8 Stealth
 * Level 2.5 Spellcasting
 * Level 3.1 Charms


You had 4 spell levels left.
You knew the following spells:

 Your Spells              Type           Power        Failure   Level  Hunger
a - Infusion              Chrm           ##..         6%          1    #......
b - Shroud of Golubria    Chrm/Tloc      #.........   19%         2    ###....


Dungeon Overview and Level Annotations

Branches:
Dungeon (2/15)

Altars:
Cheibriados


Innate Abilities, Weirdness & Mutations

Your plain brown scales are hard. (AC +5)
You cannot fit into any form of body armour.
You are cold-blooded and may be slowed by cold attacks.


Message History

You feel sick. The adder bites you but does no damage.
The adder barely misses you.
You barely miss the adder.
* * * LOW HITPOINT WARNING * * *
You feel sick. The adder misses you. x2
You barely miss the adder.
* * * LOW HITPOINT WARNING * * *
You feel sick. The adder misses you.
You closely miss the adder.
* * * LOW HITPOINT WARNING * * *
You feel sick.
The adder bites you but does no damage. x2
You closely miss the adder.
Your tail-slap misses the adder.
* * * LOW HITPOINT WARNING * * *
You feel sick. The adder bites you but does no damage. The adder bites you.
* * * LOW HITPOINT WARNING * * *
You miss the adder.
* * * LOW HITPOINT WARNING * * *
You feel sick. The adder barely misses you. The adder closely misses you.
You closely miss the adder.
Your tail-slap misses the adder.
You die...

############ #.# #.# #.#
#.### #
#######...##.##?#
#..............#
########.#######.##.##.#
.........# ###.#
########## #..@# #...S#
#._..# #...... #.##...
#. ##### #


You could see an adder.

Vanquished Creatures
  An adder (D:2)
  An ooze (D:2)
  2 worms (D:2)
  2 dart slugs (D:1)
  2 leopard geckos (D:1)
  5 orcs
  7 bats
  3 giant cockroaches (D:1)
  2 hobgoblins
  2 frilled lizards (D:1)
  2 goblins
  4 kobolds
  2 rats (D:1)
35 creatures vanquished.

Notes
Turn   | Place    | Note
-------+----------+-------------------------------------------
     0 | D:1      | roguesci the Draconian Skald began the quest for the Orb.
     0 | D:1      | Reached XP level 1. HP: 17/17 MP: 3/3
   138 | D:1      | Reached XP level 2. HP: 25/25 MP: 5/5
   713 | D:1      | Learned a level 2 spell: Shroud of Golubria
   738 | D:1      | Reached skill level 3 in Charms
   791 | D:1      | Reached XP level 3. HP: 23/30 MP: 3/6
  1680 | D:2      | Found a snail-covered altar of Cheibriados.
  1700 | D:2      | HP: 1/30 [poisoned by an adder]
  1701 | D:2      | Succumbed to an adder's poison

Vault maps used:
D:1:      scummos_arrival_hexagon, minmay_tromino_v4_c
D:2:      marbit_many_paths, cheibriados_altar_1, nicolae_ru_path_of_blood

Skill      XL: |  1  2 |
---------------+-------+-----
Charms         | 3 |  3.1
Fighting       | |  2.7
Maces & Flails | |  2.3
Dodging        | |  2.5
Stealth        | |  0.8
Spellcasting   | |  2.5

Action                   || total
-------------------------++-------
Melee: Mace              ||    67
       Tailslap          ||    14
       Morningstar       ||    65
Throw: Stone             ||     1
 Cast: Shroud of Golubri ||     7
  Use: Scroll            ||     5
       Potion            ||     3
 Stab: Sleeping          ||     1
  Eat: Chunk             ||     3
Armor: Skin              ||    56
Dodge: Dodged            ||   120

Table legend:
 A = Spawn XP
 B = Non-spawn XP
 C = Spawn XP percentage of total XP
 D = Spawn monster count
 E = Non-spawn monster count
 F = Spawn count percentage of total count
 G = Total turns spent on level
                    A         B        C        D         E        F      G
               +---------+---------+-------+---------+---------+-------+---------
         Total |       0 |      90 |   0.0 |       0 |      35 |   0.0 |  1701
               +---------+---------+-------+---------+---------+-------+---------
           D:1 |       0 |      46 |   0.0 |       0 |      23 |   0.0 |   847
           D:2 |       0 |      44 |   0.0 |       0 |      12 |   0.0 |   854
               +---------+---------+-------+---------+---------+-------+---------
